AoeStats
← hauson.5168

Nomad

510119398Analyzed
2v2 RM · 4d ago on Sep 29, 2026· 44m 3s· 4 players
Game mode
Random Map
Map size
176×176
Population
200
Speed
Normal
Resources
Standard
Victory
Conquest
Starting age
Dark Age
Ending age
Imperial Age
RankedLock teamsTeams togetherTeam positionsShared explorationLock speedFull tech treeHidden civsTurbo modeCheats
Victory
Defeat
🇹🇼 Spanish · Taiwan
997
+15
🇹🇼 Khmer · Taiwan
977
+16
🇺🇸 Magyars · United States
1061
-19
🇺🇸 Vietnamese · United States
896
-12
teddy 050
4:12 Loom
14:06 Feudal Age
18:10 Wheelbarrow
26:03 Castle Age
24:34 Padded Archer Armor
25:11 Scale Mail Armor
25:36 Forging
26:26 Pikeman
27:49 Iron Casting
29:07 Hand Cart
33:34 Squires
Ace
8:37 Loom
12:31 Feudal Age
15:59 Horse Collar
16:11 Double-Bit Axe
22:16 Gold Mining
25:26 Castle Age
24:07 Scale Barding Armor
24:37 Bloodlines
24:24 Fletching
25:49 Stone Mining
26:28 Husbandry
28:55 Thumb Ring
31:07 Padded Archer Armor
42:38 Imperial Age
41:57 Wheelbarrow
42:14 Gold Shaft Mining
hauson.5168
17:45 Feudal Age
18:25 Horse Collar
22:11 Double-Bit Axe
25:46 Castle Age
24:36 Scale Barding Armor
26:53 Forging
28:58 Chain Barding Armor
28:35 Gold Mining
29:01 Husbandry
29:13 Bloodlines
33:30 Gold Shaft Mining
36:42 Iron Casting
ss
4:12 Loom
14:46 Feudal Age
18:39 Wheelbarrow
17:53 Double-Bit Axe
22:57 Castle Age
22:07 Scale Barding Armor
24:07 Medium Warships
30:25 Fletching
30:47 Horse Collar
33:06 Bloodlines
34:56 Bow Saw
35:36 Forging
41:14 Imperial Age
40:19 Fishing Lines
40:58 Hand Cart
41:26 Cavalier
43:25 Husbandry
45:41 Two-Man Saw
Connection lost

Rejoining the realm…

Still unreachable

The connection could not be restored.

Session expired

The server has moved on; the page needs a fresh start.